 Dungeon Crawl Stone Soup version 0.21.1-1-g345015fe64 (webtiles) character file.

372 Hopman the Skirmisher (level 6, 0/56 HPs)
             Began as a Minotaur Fighter on June 15, 2018.
             Splashed by a goblin's acid (16 damage)
             ... on level 3 of the Dungeon.
             The game lasted 00:15:01 (2034 turns).

Hopman the Skirmisher (Minotaur Fighter)            Turns: 2034, Time: 00:15:01

Health: 0/56       AC:  8    Str: 22      XL:     6   Next: 43%
Magic:  5/5        EV:  7    Int:  4 (5)  God:    Xom [...*..]
Gold:   134        SH: 10    Dex: 10      Spells: 5/5 levels left

rFire    . . .     SeeInvis .   a - +0 long sword
rCold    . . .     Gourm    .   c - +0 shield
rNeg     . . .     Faith    .   g - +0 plate armour
rPois    .         Spirit   .   (helmet restricted)
rElec    .         Reflect  .   r - scarf {repulsion}
rCorr    .         Harm     .   (no gloves)
MR       .....                  (no boots)
Stlth    ..........             (no amulet)
HPRegen  0.18/turn              l - +3 ring of evasion
MPRegen  0.09/turn              (no ring)

@: corroded, repel missiles
A: retaliatory headbutt, horns 2
a: Renounce Religion


You were on level 3 of the Dungeon.
You worshipped Xom.
You were a favourite toy of Xom.
You were hungry.

You visited 1 branch of the dungeon, and saw 3 of its levels.

You collected 134 gold pieces.

Inventory:

Hand Weapons
 a - a +0 long sword (weapon)
Armour
 b - a +0 scale mail
 c - a +0 shield (worn)
 g - a +0 plate armour (worn)
 r - a scarf of repulsion (worn)
Jewellery
 l - a +3 ring of evasion (left hand)
Scrolls
 i - 3 scrolls of teleportation {unknown}
 j - a scroll of immolation {unknown}
 k - 4 scrolls of identify {unknown}
 m - a scroll of amnesia {unknown}
 n - a scroll of blinking {unknown}
 p - a scroll of fog {unknown}
Potions
 d - a potion of might
 e - a potion of resistance
 h - a potion of lignification {unknown}
 o - 2 potions of heal wounds {unknown}
 q - a potion of brilliance {unknown}
Comestibles
 f - 4 rations


   Skills:
 + Level 5.2 Fighting
 * Level 5.2 Long Blades
 + Level 5.0 Armour
 + Level 5.2 Shields


You had 5 spell levels left.
You didn't know any spells.

Dungeon Overview and Level Annotations

Branches:
Dungeon (3/15)

Altars:
Elyvilon
Gozag
Ru
Vehumet
Xom
Zin


Innate Abilities, Weirdness & Mutations

You reflexively headbutt those who attack you in melee.
You have a pair of horns on your head.


Message History

The stone is repelled.
Found a stone staircase leading down.
You see here a frilled lizard corpse.
The goblin zaps a wand.
The bolt of acid hits you!
You are splashed with acid!
The acid burns!
It is a wand of acid (10).
Found a stone staircase leading down.
You are too injured to fight recklessly!
The goblin shoots a stone.
The stone hits you but does no damage.
You see here a stone.
The goblin shoots a stone.
You block the stone.
You see here a stone.
The goblin shoots a stone.
You block the stone.
You see here a stone.
The goblin shoots a stone.
The stone closely misses you.
You see here 2 stones.
The goblin zaps a wand.
The bolt of acid hits you!
* * * LOW HITPOINT WARNING * * *
The acid corrodes you!
You are splashed with acid!
The acid burns!
You die...
Xom chuckles heartily!

# #. . # #.##.## #
#...... .. .......
...# ....g#.####
..<#
.>.......(##...#
.......##(##...##
........@........
........†....#####
>....####.#.......
#### #.(...### #g#
###...# #.# #.#
#..######.# ## #.#
#.........# b ..#
#.# ##.######.#
#.# #.# ##.## #.#


You could see a goblin.

Vanquished Creatures
  The ghost of Delanovic the Insei, a novice OpTm of Ashenzari (D:3)
  An orc wizard (D:3)
  2 gnolls (D:1)
  2 adders (D:2)
  An adder skeleton (D:2)
  2 worms (D:2)
  8 dart slugs
  A leopard gecko (D:3)
  2 orcs (D:3)
  2 giant cockroaches
  4 goblins
  3 hobgoblins
  2 jackals (D:2)
  4 bats
  A frilled lizard (D:3)
  2 kobolds (D:1)
  5 rats
43 creatures vanquished.

Notes
Turn   | Place    | Note
-------+----------+-------------------------------------------
     0 | D:1      | Hopman the Minotaur Fighter began the quest for the Orb.
     0 | D:1      | Reached XP level 1. HP: 19/19 MP: 0/0
   139 | D:1      | Reached XP level 2. HP: 27/27 MP: 1/1
   332 | D:1      | Reached XP level 3. HP: 33/33 MP: 2/2
   680 | D:1      | Found a shimmering altar of Xom.
   691 | D:1      | Became a worshipper of Xom of Chaos
   923 | D:2      | Reached XP level 4. HP: 38/41 MP: 3/3
   930 | D:2      | Found a glowing silver altar of Zin.
   934 | D:2      | Found a radiant altar of Vehumet.
   944 | D:2      | Found a white marble altar of Elyvilon.
   944 | D:2      | Found a sacrificial altar of Ru.
  1071 | D:2      | XOM: harmless Ice miscast
  1099 | D:2      | Found an opulent altar of Gozag.
  1331 | D:2      | XOM: harmless Summ miscast
  1509 | D:3      | XOM: noise
  1644 | D:3      | Noticed Delanovic's ghost (novice OpTm)
  1679 | D:3      | XOM: scenery: create altars
  1682 | D:3      | XOM: divination: detect creatures
  1696 | D:3      | Killed Delanovic's ghost
  1696 | D:3      | Reached skill level 5 in Fighting
  1696 | D:3      | Reached skill level 5 in Long Blades
  1696 | D:3      | Reached skill level 5 in Shields
  1696 | D:3      | Reached XP level 5. HP: 11/48 MP: 4/4
  1696 | D:3      | Reached XP level 6. HP: 12/56 MP: 5/5
  1696 | D:3      | XOM: scenery: create altars
  1698 | D:3      | Reached skill level 5 in Armour
  1751 | D:3      | XOM: stat loss: -1 Int (4/5)
  2034 | D:3      | Splashed by a goblin's acid

Skill      XL: |  1  2  3  4  5  6 |
---------------+-------------------+-----
Shields        | 4 5 |  5.2
Fighting       | 4 5 |  5.2
Armour         | 4 5 |  5.0
Long Blades    | 3 5 |  5.2

Action                   |  1- 3 |  4- 6 || total
-------------------------+-------+-------++-------
Melee: Long sword        |    61 |    50 ||   111
       Headbutt          |     6 |    12 ||    18
  Use: Potion            |     1 |     1 ||     2
  Eat: Chunk             |       |     3 ||     3
Armor: Plate armour      |    37 |    30 ||    67
       Scale mail        |     1 |       ||     1
Dodge: Dodged            |     6 |    18 ||    24
       Deflected         |       |     2 ||     2
Block: Shield            |    28 |    36 ||    64
       Rpst.: Long sword |     3 |     2 ||     5
